Cloud, chaotic male elven Priest ----- --- --- |... . .| ....- ---- .-------- -.| |...| |..-------.|..|(((| +.| |...| |..|.....|.|..|(((| |.| |...| -|-|.._..|.-|-|...|---.| - -- |...-+---..|.....|....--|--....| |>[.. |..........|.....|.............| -@.......{.----|--.{...@..%%...| |....".......r@..@.............| |...--|--......f..@.-+--|---...| |...|...|-------.---| |...|...| |...|(.(| |.].-.-..| |.).|...| |...|!(.| |%..|.|..| |%[!|...| |...-----+------.---- -----...| |............................... -------------------------------- Cloud the Adept Experience level: 7 Strength: 15 Dexterity: 13 Constitution: 16 Intelligence: 11 Wisdom: 14 Charisma: 8 Health: 0(51) Energy: 70(81) Def: 12 Gold: 0 Moves: 3130 Dungeon seed: XC1Pgy1sJa0JAPky Game ID: Cloud_1615546731 Your Inventory: Weapons a - a blessed greased rusty +1 mace (weapon in hand) D - a +0 elven dagger F - 12 +0 arrows (in quiver) G - a +0 bow (alternate weapon; not wielded) R - 4 blessed +1 arrows Armor e - a +0 robe (being worn) l - a blessed +3 pair of iron shoes (being worn) n - a +0 small shield (being worn) z - a +2 dwarvish iron helm (being worn) Comestibles c - a clove of garlic d - a sprig of wolfsbane v - a yeti corpse J - a tripe ration K - a tin of kobold meat S - an apple U - a food ration Scrolls p - a scroll of magic mapping Wands I - a wand of light (0:13) T - a wand of magic missile (0:2) Tools k - a skeleton key q - 3 tallow candles (0:200) t - a magic whistle u - a bag of holding x - an oil lamp (0:1383) Gems w - a luckstone Z - a touchstone Contents of the bag of holding: 27 gold pieces a scroll of enchant weapon a spellbook of healing a blessed spellbook of magic missile a spellbook of protection a blessed spellbook of wizard lock 2 potions of holy water a can of grease (0:6) 5 wax candles (0:400) a worthless piece of green glass a worthless piece of violet glass 2 worthless pieces of yellow glass a worthless piece of yellowish brown glass Spells and supernatural/magical abilities: Name Level Category Fail Memory h - healing 1 healing 0% 85% m - magic missile 2 attack 71% 88% p - protection 1 clerical 0% 85% w - wizard lock 2 matter 71% 88% W - pray for help -- divine ? -- X - turn undead -- divine ? -- Your skills at the end: Fighting Skills Weapon Skills mace [Basic] Spellcasting Skills clerical spells [Basic] Final Attributes: You were piously aligned. You were sleep resistant. You had infravision. You were lucky. You had extra luck. Bad luck did not time out for you. Good luck did not time out for you. You are dead. Vanquished creatures: a giant mimic 2 large mimics a giant spider a gnome king a yeti a dog a bugbear a fog cloud 2 shriekers 2 gnome lords 2 gnomish wizards a black naga hatchling an elf zombie a straw golem a baby crocodile a little dog 7 dwarves a kobold lord a kobold shaman 2 rothes a giant bat a monkey 2 acid blobs a coyote a hobbit a large kobold a giant rat a yellow mold 21 gnomes a gecko a fox a kobold a goblin a sewer rat 6 grid bugs 2 lichens 5 kobold zombies 7 newts 86 creatures vanquished. Voluntary challenges: You had been an atheist until turn 2995. You used a wielded weapon 154 times, starting on turn 41. You read items or engraved 7 times, starting on turn 690. You never genocided any monsters. You never polymorphed an object. You never changed form. You used no wishes. You never split a pudding. You never wrote Elbereth's name. You violated your moral code, losing 1 point of alignment, starting on turn 1641. Dungeon overview: The Dungeons of Doom: levels 1 to 3 Level 1 a long staircase Level 2 a general store Level 3 a scroll shop stairs to The Gnomish Mines The Gnomish Mines: levels 4 to 7 Level 4 stairs to The Dungeons of Doom Level 5 Level 6 Level 7 <- You were here many shops, a temple to Huhetotl, some fountains History has recorded: On T:1 you entered the Dungeons of Doom to retrieve the Amulet of Yendor! On T:442 you reached level 2 of The Dungeons of Doom. On T:482 you advanced to experience level 2. On T:697 you reached level 3 of The Dungeons of Doom. On T:1317 you advanced to experience level 3. On T:1346 you advanced to experience level 4. On T:1489 you reached level 1 of The Gnomish Mines. On T:1495 you advanced to experience level 5. On T:2156 you reached level 2 of The Gnomish Mines. On T:2176 you advanced to experience level 6. On T:2660 you reached level 3 of The Gnomish Mines. On T:2799 you reached level 4 of The Gnomish Mines. On T:2900 you advanced to experience level 7. Score breakdown: Gold: 27 ( 4922 points) Experience: 7 levels (13645 points) Exploration: 7 levels ( 14.00%) (10497 points) Discoveries: 16 items ( 5.59%) ( 7095 points) Valuables value: (no points given unless you survive) Artifact value: 0 ( 0 points) Variety of kills: 38 monsters ( 9.97%) ( 9474 points) Turncount: 3130 turns ( -662 points) Survival: died (score multiplied by 80%) Total score: 35976 Latest messages: The yeti misses. (3x) You kill the yeti! "My feet hurt, I've been on them all day!" There are a few objects here. v - a yeti corpse. You can barely move a handspan with this load! The panther misses. The panther hits! The panther bites! The panther misses. (2x) The panther bites! The rock mole misses. The panther hits! (2x) The panther bites! The panther hits! (2x) The panther misses. Your concentration falters while carrying so much stuff. The panther hits! (2x) The panther misses. The panther hits! (2x) The panther bites! You die... Final status: Goodbye Cloud the Priest, killed by a panther... You died in The Gnomish Mines on dungeon level 7 with 35976 points, and 27 pieces of gold, after 3130 moves. You were level 7 with a maximum of 51 hit points when you died.